 Dungeon Crawl Stone Soup version 0.30-a0-159-g068b764562 (webtiles) character file.

Game seed: 8555011850725493331

3607 IdlyInterested the Fighter (level 9, 0/82 HPs)
             Began as a Demonspawn Gladiator on Sept 27, 2022.
             Slain by a wolf (9 damage)
             ... in a bailey.
             The game lasted 00:24:18 (8978 turns).

IdlyInterested the Fighter (Demonspawn Gladiator)   Turns: 8978, Time: 00:24:19

Health: 0/82       AC: 19    Str: 15    XL:     9   Next: 86%
Magic:  9/9        EV: 11    Int: 10    God:
Gold:   501        SH:  0    Dex: 18    Spells: 8/8 levels left

rFire   . . .      SeeInvis .    a - +0 long sword (spect)
rCold   . . .      Faith    .    (no shield)
rNeg    . . .      Spirit   .    h - +0 scale mail
rPois   .          Reflect  .    (helmet restricted)
rElec   .          Harm     .    t - +0 cloak
rCorr   .          Rampage  .    j - +0 pair of gloves
Will    .....                    (no boots)
Stlth   +.........               (no amulet)
HPRegen 0.23/turn                q - +4 ring of protection
MPRegen 0.11/turn                c - +4 ring of protection

@: hasted, studying Short Blades, very quick
A: antennae 2, yellow scales 2, foul stench 2, spiny 1
a: no special abilities


You were in a bailey.
You visited 2 branches of the dungeon, and saw 9 of its levels.
You also visited: Sewer and Bailey.

You collected 501 gold pieces.

Inventory:

Hand Weapons
 a - a +0 spectral long sword (weapon)
 f - a +3 short sword of electrocution
 x - a +0 scimitar
 C - a +2 great sword
Missiles
 d - 6 throwing nets
 e - a javelin
 i - 3 boomerangs (quivered)
 u - 5 poisoned darts
Armour
 b - a +0 leather armour
 h - a +0 scale mail (worn)
 j - a +0 pair of gloves (worn)
 m - a +0 ring mail
 t - a +0 cloak (worn)
Jewellery
 c - a +4 ring of protection (right hand)
 o - a +6 ring of intelligence
 q - a +4 ring of protection (left hand)
Wands
 v - a wand of flame (8)
Scrolls
 g - 5 scrolls of teleportation
 l - a scroll of fear
 p - a scroll of amnesia
 y - a scroll of blinking
Potions
 k - 2 potions of mutation {unknown}
 n - 2 potions of cancellation
 r - a potion of curing
 s - a potion of might
 w - a potion of brilliance
 z - a potion of heal wounds
 A - a potion of haste
 B - a potion of magic {unknown}
 E - a potion of berserk rage {unknown}


   Skills:
 * Level 11.8 Fighting
 - Level 6.0 Long Blades
 - Level 3.0 Throwing
 - Level 1.0 Armour
 + Level 4.5 Dodging
 - Level 1.0 Stealth
 - Level 1.0 Evocations


You had 8 spell levels left.
You didn't know any spells.
Your spell library contained the following spells:

 Spells                   Type           Power      Damage    Failure   Level
 Slow                     Hex            0%         N/A       83%         1
 Summon Small Mammal      Summ           0%         N/A       83%         1
 Ensorcelled Hibernation  Hex/Ice        0%         N/A       93%         2
 Passwall                 Tmut/Erth      0%         N/A       93%         2
 Call Canine Familiar     Summ           0%         N/A       99%         3
 Confusing Touch          Hex            0%         N/A       99%         3
 Kindle Blastsparks       Fire/Tloc/Air  0%         2d10      99%         3
 Summon Guardian Golem    Hex/Summ       0%         N/A       99%         3
 Swiftness                Air            0%         N/A       99%         3
 Vampiric Draining        Necr           0%         2d6       99%         3
 Fulminant Prism          Conj/Hex       0%         3d6       100%        4
 Iskenderun's Mystic Bla  Conj/Tloc      0%         2d3       100%        4
 Lee's Rapid Deconstruct  Erth           0%         3d5*      100%        5


Dungeon Overview and Level Annotations

Branches:
Dungeon (8/15)             Temple (1/1) D:4           Sewer (visited)
 Bailey (1/1)
   Lair: D:8-11

Altars:
Cheibriados
Dithmenos
Fedhas
Gozag
Hepliaklqana
Kikubaaqudgha
Makhleb
Nemelex Xobeh
Okawaru
Qazlal
Sif Muna
Trog
Uskayaw
Vehumet
Wu Jian
Xom
Yredelemnul

Shops:
D:7 [[[=(

Annotations:
D:7 2 runed translucent doors Bailey Grum


Innate Abilities, Weirdness & Mutations

You have a pair of antennae on your head.
You are mostly covered in yellow scales. (AC +3)
You sometimes emit foul miasma when damaged in melee.
You are partially covered in sharp spines.


Message History

Your +0 spectral long sword closely misses the gnoll.
The wolf barely misses your +0 spectral long sword.
The gnoll hits you but does no damage. The wolf bites you but does no damage.
The gnoll hits you but does no damage.
The wolf misses your +0 spectral long sword.
The gnoll misses you. Grum hits you but does no damage.
You closely miss the gnoll.
The gnoll is moderately wounded.
Your +0 spectral long sword hits the gnoll.
The gnoll is no longer moving quickly.
The wolf closely misses you.
The wolf bites your +0 spectral long sword but does no damage.
The gnoll bouda barks out a call to the hunt!
The gnoll picks up the pace!
The gnoll closely misses you. The wolf is struck by your spines.
The wolf closely misses you.
You closely miss the gnoll.
The gnoll is moderately wounded.
Your +0 spectral long sword hits the gnoll but does no damage.
The gnoll hits your +0 spectral long sword with a +0 halberd.
Your spectral weapon shares its damage with you!
The wolf bites you but does no damage. Grum hits you but does no damage.
The gnoll sergeant barely misses you. The wolf is struck by your spines.
The wolf bites you!
* * * LOW HITPOINT WARNING * * *
The gnoll hits your +0 spectral long sword but does no damage.
You closely miss the gnoll.
The gnoll is moderately wounded.
Your +0 spectral long sword hits the gnoll!
You kill the gnoll!
The wolf bites you but does no damage. x2; The wolf is struck by your spines.
The wolf bites you.
* * * LOW HITPOINT WARNING * * *
You emit a cloud of foul miasma!
The gnoll hits you from afar with a +0 trident!
* * * LOW HITPOINT WARNING * * *
Grum hits you but does no damage. The gnoll sergeant closely misses you.
The wolf bites you but does no damage.
The gnoll completely misses your +0 spectral long sword.
The wolf is struck by your spines. The wolf bites you!
You die...

♣♣♣♣♣♣♣♣♣♣♣♣♣♣♣♣♣♣♣♣♣♣♣
♣≈≈≈≈≈≈≈≈≈≈≈≈≈≈≈≈≈≈≈≈≈♣♣
≈≈...# #########...≈≈♣
≈..###{ ......8.##...≈♣
≈..# {{ .........##..≈♣
≈..# ..gg..g.#..≈♣ ≈..#
{{#####g)hhg#..≈♣ ≈..# {
##...##(@h)#..≈♣
≈..######)....###'##..≈♣
)..'...#...)...#......≈♣
)..')..'..)8...'.)....≈♣
...'...#...)...#......≈♣
≈..######.....###+##..≈♣
≈..# {{##...## { #..≈♣
≈..# { ##### { #..≈♣
≈..# {{{ {{ #..≈♣


You could see Grum (swift), a gnoll sergeant (swift), 3 wolves, a gnoll bouda, 2
gnolls and a friendly +0 spectral long sword (summoned).

Vanquished Creatures
  A steam dragon (D:7)
  A vampire mosquito (D:7)
  2 water moccasins (D:5)
  Duvessa (D:4)
  A sky beast (D:6)
  Pargi (Sewer)
  3 black bears (D:6)
  An orc warrior (D:8)
  4 ice beasts (D:6)
  An ogre (D:5)
  A centaur (D:6)
  A phantom (D:5)
  3 gnoll sergeants (Bailey)
  2 scorpions
  2 wights (D:8)
  Dowan (D:4)
  4 killer bees (D:7)
  A howler monkey (D:7)
  9 hounds
  Crazy Yiuf (D:6)
  2 jellies
  3 orc priests
  3 gnoll boudas
  4 iguanas
  5 orc wizards
  A mummy (D:4)
  13 adders
  12 gnolls
  2 river rats (D:5)
  A white imp (D:6)
  An ufetubus (D:4)
  7 worms
  5 dart slugs
  23 orcs
  8 ball pythons
  4 bats
  6 endoplasms
  2 giant cockroaches
  12 goblins
  7 hobgoblins
  3 jackals (D:5)
  8 kobolds
  3 quokkas
  2 frilled lizards
  2 hobgoblin zombies (D:4)
  A kobold zombie (D:4)
  An orc zombie (D:4)
  9 rats
191 creatures vanquished.

Vanquished Creatures (collateral kills)
  A wight (D:8)
  2 orcs (D:8)
3 creatures vanquished.

Vanquished Creatures (others)
  5 fungi (D:6)
  6 plants (D:4)
11 creatures vanquished.

Grand Total: 205 creatures vanquished

Notes
Turn   | Place    | Note
-------+----------+-------------------------------------------
     0 | D:1      | IdlyInterested the Demonspawn Gladiator began the quest for
                  | the Orb.
     0 | D:1      | Reached XP level 1. HP: 16/16 MP: 1/1
   504 | D:1      | Gained mutation: You have a pair of small antennae on your
                  | head. [demonic ancestry]
   504 | D:1      | Reached XP level 2. HP: 23/23 MP: 2/2
  1090 | D:1      | Reached skill level 3 in Fighting
  1293 | D:2      | Gained mutation: You may rarely emit foul miasma when
                  | damaged in melee. [demonic ancestry]
  1293 | D:2      | Reached XP level 3. HP: 26/29 MP: 3/3
  1439 | D:2      | Reached skill level 1 in Armour
  1819 | D:2      | Found a shimmering altar of Xom.
  1905 | D:2      | Gained mutation: You sometimes emit foul miasma when
                  | damaged in melee. [demonic ancestry]
  1905 | D:2      | Reached XP level 4. HP: 35/37 MP: 4/4
  2551 | D:3      | Reached skill level 4 in Fighting
  2724 | D:3      | Identified a scroll of acquirement
  2724 | D:3      | Acquired a manual of Short Blades
  3045 | D:3      | Reached XP level 5. HP: 22/43 MP: 5/5
  3356 | D:3      | Reached skill level 1 in Stealth
  3780 | D:3      | Reached skill level 5 in Fighting
  4084 | D:4      | Noticed Duvessa
  4084 | D:4      | Noticed Dowan
  4246 | D:4      | Reached skill level 1 in Evocations
  4409 | D:4      | Killed Duvessa
  4410 | D:4      | Gained mutation: You are partially covered in sharp spines.
                  | [demonic ancestry]
  4410 | D:4      | Reached XP level 6. HP: 33/52 MP: 6/6
  4410 | D:4      | Killed Dowan
  4411 | D:4      | Reached skill level 6 in Fighting
  4902 | D:4      | Found a staircase to the Ecumenical Temple.
  4909 | Temple   | Entered the Ecumenical Temple
  5209 | D:5      | Entered Level 5 of the Dungeon
  5289 | D:5      | Found a glowing drain.
  5301 | Sewer    | Entered a sewer
  5322 | Sewer    | Noticed Pargi
  5332 | Sewer    | Killed Pargi
  5333 | Sewer    | Gained mutation: You are partially covered in yellow
                  | scales. (AC +2) [demonic ancestry]
  5333 | Sewer    | Reached XP level 7. HP: 44/59 MP: 7/7
  5676 | D:5      | Reached skill level 7 in Fighting
  6007 | D:5      | Reached skill level 8 in Fighting
  6007 | D:5      | Gained mutation: You have a pair of antennae on your head.
                  | [demonic ancestry]
  6007 | D:5      | Reached XP level 8. HP: 68/68 MP: 8/8
  6743 | D:6      | Reached skill level 9 in Fighting
  6826 | D:6      | Reached skill level 5 in Long Blades
  7047 | D:6      | Reached skill level 10 in Fighting
  7047 | D:6      | Gained mutation: You are mostly covered in yellow scales.
                  | (AC +3) [demonic ancestry]
  7047 | D:6      | Reached XP level 9. HP: 77/78 MP: 9/9
  7322 | D:6      | Found a hide-covered altar of Uskayaw.
  7752 | D:6      | Found a runed translucent door.
  7753 | D:6      | Noticed Crazy Yiuf
  7759 | D:6      | Killed Crazy Yiuf
  7834 | D:7      | Found Pyuts's Antique Armour Shoppe.
  7900 | D:7      | Found a large runed translucent door.
  8169 | D:7      | Reached skill level 11 in Fighting
  8180 | D:7      | Found Feon's Jewellery Boutique.
  8198 | D:7      | Found Ilahyss's Antique Weapon Emporium.
  8374 | D:7      | Found Denimi's Antique Armour Shop.
  8389 | D:7      | Found Oratz's Armour Boutique.
  8456 | D:7      | Found a large runed translucent door.
  8473 | D:7      | You fall into a shaft and drop 1 floor!
  8535 | D:8      | Found a flagged portal.
  8548 | Bailey   | Entered a bailey
  8968 | Bailey   | Noticed Grum
  8978 | Bailey   | Slain by a wolf

Illustrated notes

Levels and vault maps discovered:
D:1:      dpeg_arrival_orchard, layout_basic
D:2:      layout_basic, basic_altar, minmay_tromino_i2
D:3:      layout_basic, serial_co_window_serial, co_window_corner_a,
          co_window_paths_a, co_window_of_opportunity_a, co_window_paths_b,
          co_window_paths_b, co_window_paths_b, co_window_corner_a,
          co_window_of_opportunity_b, co_window_corner_b, co_window_corner_cb,
          co_window_4corner_a, co_window_paths_e, glass_columns_b
D:4:      layout_cave_pools, minmay_temple_entry_butterflies, serial_bayou,
          serial_bayou_pond_b, serial_bayou_shore_a, serial_bayou_crossing,
          serial_bayou_pond_a, minmay_mini_ossuary, uniq_duvessa
D:5:      layout_gridville, lightli_sewer_entry_pipes, minmay_circle_x
D:6:      layout_basic, mainiacjoe_overflow_alcove_4, st_stairs_12,
          uniq_crazy_yiuf_cottage
D:7:      layout_rooms, jmf_multi_god_temple2, serial_shops,
          nicolae_diamond_shop, kennysheep_mini, shop, shop_fountains,
          nicolae_square_shop, minmay_microvault
D:8:      layout_gridville, enter_bailey_3, serial_co_window_serial,
          co_window_paths_b, co_window_corner_a, co_window_paths_a,
          co_window_corner_a, co_window_paths_b, co_window_of_opportunity_a,
          co_window_of_opportunity_a, co_window_of_opportunity_a,
          co_window_of_opportunity_a, co_window_unsneaky_path_c,
          co_window_corner_b, co_window_corner_b, glass_columns_c,
          glass_columns_c, uniq_psyche, uniq_amaemon, uniq_erica
Temple:   mainiacjoe_temple_coin_purse
Bailey:   bailey_polearm_gnolls_kennysheep, bailey

Skill      XL: |  1  2  3  4  5  6  7  8  9 |
---------------+----------------------------+-----
Long Blades    | 3 4 5 6 |  6.0
Fighting       | 3 4 5 6 8 10 11 | 11.8
Armour         | 1 |  1.0
Dodging        | 3 4 |  4.5
Stealth        | 1 |  1.0
Evocations     | 1 |  1.0
Throwing       | 2 3 |  3.0

Action                   |  1- 3 |  4- 6 |  7- 9 || total
-------------------------+-------+-------+-------++-------
Melee: Short sword       |    86 |   170 |   116 ||   372
       Punch             |       |     1 |     3 ||     4
       Long sword        |       |       |   136 ||   136
  Use: Scroll            |     5 |     8 |     6 ||    19
       Potion            |       |       |     2 ||     2
 Stab: Distracted        |       |       |     4 ||     4
Armor: Leather armour    |    21 |       |       ||    21
       Ring mail         |     4 |    21 |       ||    25
       Scale mail        |       |    54 |   148 ||   202
Dodge: Dodged            |    49 |    97 |   144 ||   290

Table legend: (Time is in decaauts)
 A = Elapsed time spent in this place.
 B = Non-inter-level travel time spent in this place.
 C = Inter-level travel time spent in this place.
 D = Time resting spent in this place.
 E = Time spent auto-exploring this place.
 F = Levels seen in this place.
 G = Mean time per level.
                   A        B        C        D        E       F      G
               +--------+--------+--------+--------+--------+-----+--------+
         Total |   9025 |   7919 |   1106 |    634 |   5205 |  11 |  820.5 |
       Dungeon |   8265 |   7159 |   1106 |    387 |   5125 |   8 | 1033.1 |
        Temple |    111 |    111 |      0 |      0 |     80 |   1 |  111.0 |
         Sewer |    217 |    217 |      0 |      0 |      0 |   1 |  217.0 |
        Bailey |    429 |    429 |      0 |    247 |      0 |   1 |  429.0 |
               +--------+--------+--------+--------+--------+-----+--------+

Top non-repeatable levels by time:
     D:3: 1520 daAuts
     D:2: 1386 daAuts
     D:1: 1376 daAuts
     D:5: 1343 daAuts
     D:6: 1145 daAuts
     D:4: 825 daAuts
     D:7: 590 daAuts
  Bailey: 429 daAuts
   Sewer: 217 daAuts
  Temple: 111 daAuts
     D:8: 77 daAuts
